 Dungeon Crawl Stone Soup version 0.28.0-45-g0d030f2227 (webtiles) character file.

Game seed: 18134769007465469574

31167 cbfl8 the Severer (level 13, 0/134 HPs)
             Began as a Minotaur Delver on Apr 16, 2022.
             Was an Elder of Ashenzari.
             Slain by a vault guard
             ... wielding a +3 war axe of flaming
              (5 damage)
             ... on level 13 of the Dungeon.
             The game lasted 00:58:47 (24097 turns).

cbfl8 the Severer (Minotaur Delver)                Turns: 24097, Time: 00:58:48

Health: 0/134      AC: 23    Str: 24    XL:     13   Next: 24%
Magic:  13/13      EV: 10    Int:  7    God:    Ashenzari [****..]
Gold:   951        SH: 11    Dex: 12    Spells: 13/13 levels left

rFire   . . .      SeeInvis +   f - +5 broad axe (spect)
rCold   + . .      Faith    .   n - +0 buckler of Cremastomancy {Comp, Fort} (curse)
rNeg    . . .      Spirit   .   u - +0 plate armour "Chained Together" {Melee, Self} (curse)
rPois   .          Reflect  +   (helmet restricted)
rElec   +          Harm     .   z - +1 cloak of the Shattered Sun {Comp, Cun} (curse)
rCorr   .          Rampage  .   k - +0 pair of gloves "All-seeing Augurer" {Cun, Self} (curse)
Will    .....      Clarity  +   Q - +0 pair of boots "Chained Together" {Self, Elem} (curse)
Stlth   ..........              b - amulet of reflection
HPRegen 0.32/turn               j - ring of Ashenzari's Fanaticism {rElec Will- Str+2 SInv, Cun, Self} (curse)
MPRegen 0.13/turn               F - ring "Ensconced Asceticism" {rC+, Evo, Melee} (curse)

@: no status effects
A: horns 2, retaliatory headbutt
a: Renounce Religion, Shatter the Chains


You were on level 13 of the Dungeon.
You worshipped Ashenzari.
Ashenzari was greatly pleased with you.
You visited 2 branches of the dungeon, and saw 14 of its levels.
You visited the Abyss 2 times.
You also visited: Ice Cave.

You collected 951 gold pieces.

Inventory:

Hand Weapons
 f - a +5 spectral broad axe (weapon)
 K - a +2 triple crossbow of freezing
Missiles
 r - 2 throwing nets
Armour
 k - the cursed +0 pair of gloves "All-seeing Augurer" (worn) {Cun, Self}
   (You found it on level 5 of the Dungeon)

   It has a curse which improves the following skills: Cunning: Dodging and
   Stealth.
   Introspection: Fighting and Spellcasting.
 n - the cursed +0 buckler of Cremastomancy (worn) {Comp, Fort}
   (You found it on level 7 of the Dungeon)

   It has a curse which improves the following skills: Companions: Summonings
   and Necromancy.
   Fortitude: Armour and Shields.
 u - the cursed +0 plate armour "Chained Together" (worn) {Melee, Self}
   (You found it on level 2 of the Dungeon)

   It has a curse which improves the following skills: Melee Combat: Short
   Blades, Long Blades, Axes, Maces & Flails, Polearms, Staves and Unarmed
   Combat.
   Introspection: Fighting and Spellcasting.
 z - the cursed +1 cloak of the Shattered Sun (worn) {Comp, Cun}
   (You found it on level 3 of the Dungeon)

   It has a curse which improves the following skills: Companions: Summonings
   and Necromancy.
   Cunning:   Dodging and Stealth.
 E - a scarf of invisibility
 H - a +3 buckler
 L - +0 ice dragon scales
 Q - the cursed +0 pair of boots "Chained Together" (worn) {Self, Elem}
   (You found it on level 12 of the Dungeon)

   It has a curse which improves the following skills: Introspection: Fighting
   and Spellcasting.
   Elements:  Fire Magic, Ice Magic, Air Magic and Earth Magic.
Jewellery
 b - an amulet of reflection (around neck)
 h - the ring "Arebuf" {rPois Int+4}
   (You acquired it on level 3 of the Dungeon)

   [ring of poison resistance]

   Int:       It affects your intelligence (+4).
   rPois:     It protects you from poison.
 j - the cursed ring of Ashenzari's Fanaticism (left hand) {rElec Will- Str+2 SInv, Cun, Self}
   (You acquired it on level 2 of the Dungeon)

   [ring of see invisible]

   Str:       It affects your strength (+2).
   rElec:     It insulates you from electricity.
   SInv:      It lets you see invisible.
   Will:      It decreases your willpower.
   It has a curse which improves the following skills: Cunning: Dodging and
   Stealth.
   Introspection: Fighting and Spellcasting.
 m - a ring of positive energy
 o - a ring of wizardry
 B - an amulet of magic regeneration
 C - an amulet of guardian spirit
 F - the cursed ring "Ensconced Asceticism" (right hand) {rC+, Evo, Melee}
   (You found it on level 7 of the Dungeon)

   [ring of protection from cold]

   rC:        It protects you from cold.
   It has a curse which improves the following skills: Evocations: Evocations.
   Melee Combat: Short Blades, Long Blades, Axes, Maces & Flails, Polearms,
   Staves and Unarmed Combat.
 O - a +4 ring of slaying
Wands
 g - a wand of digging (3)
 i - a wand of flame (1)
 s - a wand of iceblast (21) (quivered)
 v - a wand of acid (3)
 G - a wand of polymorph (4)
Scrolls
 a - a scroll of enchant weapon
 c - 5 scrolls of fog
 d - 3 scrolls of magic mapping
 e - 4 scrolls of immolation
 l - 3 scrolls of noise
 A - a scroll of brand weapon
Potions
 p - a potion of brilliance
 t - 3 potions of attraction
 x - 2 potions of cancellation
 D - a potion of lignification
 J - a potion of magic


   Skills:
 + Level 13.5(18.2) Fighting
 + Level 15.3(18.2) Axes
 + Level 14.3(16.2) Armour
 + Level 4.3(7.9) Dodging
 + Level 5.3(9.1) Stealth
 + Level 8.8(10.8) Shields
 + Level 2.9(4.6) Evocations


You had 13 spell levels left.
You didn't know any spells.
Your spell library contained the following spells:

 Spells                   Type           Power      Damage    Failure   Level
 Animate Skeleton         Necr           0%         N/A       98%         1
 Apportation              Tloc           0%         N/A       98%         1
 Beastly Appendage        Tmut           0%         N/A       98%         1
 Magic Dart               Conj           0%         1d3       98%         1
 Sting                    Tmut/Pois      0%         1d3       98%         1
 Summon Small Mammal      Summ           0%         N/A       98%         1
 Ensorcelled Hibernation  Hex/Ice        0%         N/A       99%         2
 Passwall                 Tmut/Erth      0%         N/A       99%         2
 Poisonous Vapours        Pois/Air       0%         N/A       99%         2
 Searing Ray              Conj           0%         2d4       99%         2
 Static Discharge         Conj/Air       0%         N/A       99%         2
 Wereblood                Tmut           0%         N/A       99%         2
 Call Canine Familiar     Summ           0%         N/A       100%        3
 Confusing Touch          Hex            0%         N/A       100%        3
 Spider Form              Tmut/Pois      0%         N/A       100%        3
 Summon Guardian Golem    Hex/Summ       0%         N/A       100%        3
 Swiftness                Air            0%         N/A       100%        3
 Fulminant Prism          Conj/Hex       0%         3d6       100%        4
 Olgreb's Toxic Radiance  Pois           0%         N/A       100%        4
 Summon Lightning Spire   Summ/Air       0%         N/A       100%        4
 Lightning Bolt           Conj/Air       0%         1d11      100%        5
 Summon Forest            Summ/Tloc      0%         N/A       100%        5
 Yara's Violent Unravell  Hex/Tmut       0%         3d3       100%        5
 Eringya's Noxious Bog    Tmut/Pois      0%         N/A       100%        6
 Enfeeble                 Hex            0%         N/A       100%        7
 Storm Form               Tmut/Air       0%         N/A       100%        7
 Summon Hydra             Summ           0%         N/A       100%        7
 Maxwell's Capacitive Co  Air            0%         ∞         100%        8


Dungeon Overview and Level Annotations

Branches:
Dungeon (13/15)            Temple (1/1) D:5            Lair (0/6) D:10
    Orc (0/2) D:9          Vaults (0/5) D:13          IceCv (visited)

Altars:
Ashenzari
Cheibriados
Dithmenos
Elyvilon
Fedhas
Gozag
Hepliaklqana
Kikubaaqudgha
Makhleb
Nemelex Xobeh
Okawaru
Qazlal
Ru
Sif Muna
Trog
Uskayaw
Vehumet
Wu Jian
Xom
Yredelemnul
Zin
The Shining One

Portals:
Trove: D:11 (give +5 demon trident)


Innate Abilities, Weirdness & Mutations

You have a pair of horns on your head.
You reflexively headbutt those who attack you in melee.


Message History

You hit the vault guard but do no damage.
The vault guard is lightly wounded.
You slash the vault guard!
The vault guard is moderately wounded.
The vault guard hits you with a +3 war axe of flaming!
* * * LOW HITPOINT WARNING * * *
The vault guard burns you.
* * * LOW HITPOINT WARNING * * *
Things that are here:
a +0 war axe; a +0 chain mail; a human corpse
Aiming: Iceblast
Press: ? - help, Q - select action, (/) - cycle Shift-Dir - straight line, f/p - vault guard
Aim: a vault guard, wielding a +3 war axe of flaming and wearing a +0 plate armour (lightly wounded)
Okay, then.
Aiming: Throw Flame
Press: ? - help, Shift-Dir - straight line, f/p - vault guard
Aim: a vault guard, wielding a +3 war axe of flaming and wearing a +0 plate armour (lightly wounded, 74% to hit)
The puff of flame hits the vault guard.
The vault guard is moderately wounded.
The vault guard hits you with a +3 war axe of flaming.
* * * LOW HITPOINT WARNING * * *
The vault guard burns you.
* * * LOW HITPOINT WARNING * * *
You slice the vault guard!!
The vault guard is heavily wounded.
The vault guard hits you but does no damage.
You hit the vault guard. You headbutt the vault guard.
The vault guard is severely wounded.
You hit the vault guard but do no damage.
The vault guard is severely wounded.
You block the vault guard's attack.
You slash the vault guard!
The vault guard is severely wounded.
The vault guard hits you but does no damage.
You hit the vault guard but do no damage.
The vault guard is severely wounded.
The vault guard hits you with a +3 war axe of flaming!
* * * LOW HITPOINT WARNING * * *
The vault guard burns you.
You die...

* * ### ,,..# ,** #.# * #.#
, #.# # ##.###############
##.####.###############
**###...###................
....∩.)p@)###############
###...###########........ *
* ##.####### ****, , .. *
#,* ,, ,, , ... *,* ,* * ,
*, ,, ... * * * , ,* ..)
*,** * * ,, , , ,,..# * * *
,, , ,* ,,, ,,,, ,, ,, ,


You could see a vault guard.

Vanquished Creatures
  A draconian scorcher (Abyss:1)
  2 very ugly things (Abyss:1)
  Erolcha (D:13)
  7 vault guards (D:13)
  Harold (D:10)
  2 boulder beetles (D:11)
  A centaur warrior (D:11)
  4 two-headed ogres
  A skeletal warrior (D:13)
  The ghost of Zeld the Zephyrmancer, a novice TeAE of Vehumet (D:8)
  A wretched star (Abyss:1)
  A spatial maelstrom (Abyss:1)
  2 bog bodies (IceCv)
  Pikel (D:9)
  A cyclops (D:13)
  4 ugly things
  A manticore (D:8)
  An ice statue (IceCv)
  A gargoyle (D:12)
  2 komodo dragons (D:10)
  An ice devil (IceCv)
  An ancient zyme (Abyss:1)
  7 trolls
  2 hornets
  4 slime creatures (D:12)
  A spriggan (shapeshifter) (D:13)
  Sigmund (D:6)
  A vampire (D:10)
  A shadow (D:12)
  Eustachio (D:5)
  A wyvern (D:10)
  17 yaks
  A large abomination (Abyss:1)
  7 vampire mosquitoes
  2 basilisks (D:13)
  3 steam dragons (D:8)
  A redback (shapeshifter) (D:12)
  3 death yak simulacra (IceCv)
  Menkaure (D:7)
  An acid dragon (D:9)
  2 harpy simulacra (IceCv)
  Duvessa (D:7)
  5 water moccasins
  3 sky beasts
  2 small abominations (Abyss:1)
  A hornet zombie (D:7)
  6 orc warriors
  2 ice beasts (D:6)
  A swamp drake (D:9)
  3 black bears
  3 ogres
  2 necrophages
  5 centaurs
  2 phantoms
  A lemure (D:9)
  A scorpion (D:7)
  6 bullfrogs
  2 gnoll sergeants
  2 two-headed ogre simulacra (IceCv)
  Dowan (D:7)
  23 killer bees
  An elephant simulacrum (IceCv)
  7 howler monkeys
  A quasit (Abyss:1)
  3 jellies
  3 centaur zombies
  8 orc priests
  5 hounds
  2 iguanas (D:5)
  An iron imp (Abyss:1)
  A centaur skeleton (D:7)
  2 polar bear simulacra (IceCv)
  8 troll simulacra (IceCv)
  8 orc wizards
  3 spriggan simulacra (IceCv)
  13 gnolls
  9 adders
  3 naga simulacra (IceCv)
  2 shadow imps
  22 white imps
  12 ufetubi
  2 dart slugs (D:1)
  48 orcs
  6 endoplasms
  A giant cockroach (D:1)
  5 goblins
  3 hobgoblins
  4 jackals
  6 quokkas
  8 ball pythons
  A bat (D:2)
  A frilled lizard (D:3)
  6 kobolds
  4 rats
376 creatures vanquished.

Vanquished Creatures (others)
  An orc wizard (D:3)
  41 fungi (D:10)
  54 plants
96 creatures vanquished.

Grand Total: 472 creatures vanquished

Notes
Turn   | Place    | Note
-------+----------+-------------------------------------------
     0 | D:5      | cbfl8 the Minotaur Delver began the quest for the Orb.
     0 | D:5      | Reached XP level 1. HP: 19/19 MP: 0/0
    73 | D:5      | Noticed an iguana
    78 | D:5      | Killed an iguana
    79 | D:5      | Reached XP level 2. HP: 27/27 MP: 1/1
   101 | D:5      | Found a staircase to the Ecumenical Temple.
   118 | Temple   | Entered the Ecumenical Temple
   291 | Temple   | Became a worshipper of Ashenzari the Shackled
   388 | D:4      | Reached XP level 3. HP: 30/33 MP: 2/2
  1164 | D:4      | Reached skill level 5 in Stealth
  1263 | D:4      | Reached XP level 4. HP: 31/40 MP: 3/3
  1651 | D:3      | Reached skill level 1 in Armour
  1862 | D:2      | Reached skill level 3 in Axes
  2088 | D:2      | Reached * piety under Ashenzari
  2088 | D:2      | Identified a scroll of acquirement
  2089 | D:2      | Acquired the ring "Witz" {rElec Will- Str+2 SInv}
  2516 | D:1      | Reached XP level 5. HP: 32/48 MP: 4/4
  3650 | D:3      | Reached ** piety under Ashenzari
  3828 | D:3      | Reached skill level 4 in Axes
  4780 | D:5      | Noticed a necrophage
  4793 | D:5      | Killed a necrophage
  4794 | D:5      | Reached XP level 6. HP: 51/57 MP: 5/5
  5032 | D:5      | Reached skill level 5 in Axes
  5409 | D:5      | Reached XP level 7. HP: 44/64 MP: 6/6
  5649 | D:5      | Reached skill level 6 in Axes
  5905 | D:5      | Noticed Eustachio
  5934 | D:5      | Killed Eustachio
  5935 | D:5      | Reached skill level 5 in Fighting
  5935 | D:5      | Reached skill level 5 in Armour
  6234 | D:6      | Noticed Sigmund
  6264 | D:6      | Killed Sigmund
  6265 | D:6      | Reached skill level 7 in Axes
  6370 | D:6      | Reached XP level 8. HP: 46/73 MP: 7/7
  6831 | D:6      | Found a stormy altar of Qazlal.
  7004 | D:6      | Reached skill level 1 in Evocations
  7023 | D:6      | Reached skill level 8 in Axes
  7352 | D:7      | Noticed Dowan
  7354 | D:7      | Noticed Duvessa
  7379 | D:7      | Killed Duvessa
  7391 | D:7      | Killed Dowan
  7886 | D:7      | Reached skill level 9 in Axes
  7998 | D:7      | Noticed a hornet
  8003 | D:7      | Paralysed by a hornet for 1 turns
  8010 | D:7      | Paralysed by a hornet for 1 turns
  8013 | D:7      | Killed a hornet
  8014 | D:7      | Reached XP level 9. HP: 31/84 MP: 8/8
  8644 | D:7      | Reached skill level 10 in Axes
  8658 | D:7      | Reached *** piety under Ashenzari
  9097 | D:7      | Noticed Menkaure
  9101 | D:7      | Killed Menkaure
  9102 | D:7      | Reached skill level 11 in Axes
  9364 | D:8      | Reached skill level 1 in Shields
  9364 | D:8      | Reached XP level 10. HP: 94/97 MP: 9/9
  9616 | D:8      | Found a runed translucent door.
 10503 | D:8      | Reached **** piety under Ashenzari
 10530 | D:8      | Reached skill level 10 in Armour
 10799 | D:8      | Noticed a manticore
 10819 | D:8      | Killed a manticore
 11118 | D:8      | Noticed Zeld's ghost (novice TeAE)
 11143 | D:8      | Killed Zeld's ghost
 11144 | D:8      | Reached skill level 12 in Axes
 11662 | D:9      | Paralysed by a hornet for 1 turns
 11879 | D:9      | Noticed Pikel
 11891 | D:9      | Killed Pikel
 11979 | D:9      | Identified the +1 robe "Cusamolo" {Int+2}
 12063 | D:9      | Reached XP level 11. HP: 96/107 MP: 10/10
 12149 | D:9      | Found a staircase to the Orcish Mines.
 12994 | D:10     | Entered Level 10 of the Dungeon
 13380 | D:11     | Found a portal to a secret trove of treasure.
 13558 | D:10     | Reached skill level 10 in Fighting
 13575 | D:10     | Reached skill level 13 in Axes
 13746 | D:10     | Noticed a two-headed ogre
 13996 | D:10     | Killed a two-headed ogre
 13996 | D:10     | Noticed Harold
 13997 | D:10     | Reached skill level 5 in Shields
 14001 | D:10     | Noticed a two-headed ogre
 14028 | D:11     | Identified the cursed +0 hand axe "Circumscribed Together"
                  | {Fort, Melee}
 14028 | D:11     | Identified the cursed +1 cloak of the Shattered Sun {Comp,
                  | Cun} (You found it on level 3 of the Dungeon)
 14028 | D:11     | Identified the cursed +0 pair of gloves "All-seeing
                  | Augurer" {Cun, Self} (You found it on level 5 of the
                  | Dungeon)
 14028 | D:11     | Identified the cursed +0 buckler of Cremastomancy {Comp,
                  | Fort} (You found it on level 7 of the Dungeon)
 14028 | D:11     | Identified the cursed +0 plate armour "Chained Together"
                  | {Melee, Self} (You found it on level 2 of the Dungeon)
 14028 | D:11     | Identified the cursed ring "Cursed Loss" {MP+9, Bglg,
                  | Melee} (You found it on level 1 of the Dungeon)
 14049 | D:11     | Noticed a centaur warrior
 14055 | D:11     | Killed a centaur warrior
 14507 | D:11     | Noticed a boulder beetle
 14542 | D:11     | Killed a boulder beetle
 14715 | D:11     | Noticed a brown ugly thing
 14909 | D:11     | Killed a brown ugly thing
 15310 | D:11     | Noticed a boulder beetle
 15359 | D:11     | Killed a boulder beetle
 16377 | D:10     | Killed a two-headed ogre
 16424 | D:10     | Reached XP level 12. HP: 98/119 MP: 11/11
 16773 | D:10     | Found a staircase to the Lair.
 16889 | D:10     | Killed Harold
 17250 | D:12     | Found a frozen archway.
 17261 | IceCv    | Entered an ice cave
 17692 | IceCv    | Reached skill level 14 in Axes
 20974 | D:12     | Noticed a two-headed ogre
 20990 | D:12     | Killed a two-headed ogre
 22056 | D:12     | Found a blossoming altar of Fedhas.
 22241 | D:13     | Noticed Erolcha
 22242 | D:13     | Cast into level 1 of the Abyss (Erolcha)
 22327 | Abyss:1  | Noticed a profane servitor
 22520 | Abyss:1  | Reached ***** piety under Ashenzari
 22612 | D:13     | Escaped the Abyss
 22719 | D:13     | Identified the cursed +0 pair of boots "Chained Together"
                  | {Self, Elem} (You found it on level 12 of the Dungeon)
 23207 | D:13     | Cast into level 1 of the Abyss (Erolcha)
 23207 | Abyss:1  | Found a corrupted altar of Lugonu.
 23313 | Abyss:1  | Acquired the ring "Arebuf" {rPois Int+4}
 23314 | Abyss:1  | Acquired a +4 broad axe of electrocution
 23536 | Abyss:1  | Noticed a red very ugly thing
 23548 | Abyss:1  | Noticed a red draconian scorcher
 23551 | Abyss:1  | Noticed a red very ugly thing
 23554 | Abyss:1  | Killed a red very ugly thing
 23560 | Abyss:1  | Killed a red very ugly thing
 23565 | Abyss:1  | Killed a red draconian scorcher
 23573 | D:13     | Escaped the Abyss
 23577 | D:13     | Killed Erolcha
 23971 | D:13     | Noticed a two-headed ogre
 23977 | D:13     | Killed a two-headed ogre
 23978 | D:13     | Reached XP level 13. HP: 124/134 MP: 13/13
 24017 | D:13     | Found a gate to the Vaults.
 24032 | D:13     | Reached skill level 15 in Axes
 24097 | D:13     | HP: 5/134 [vault guard/+3 war axe of flaming (16)]
 24097 | D:13     | Slain by a vault guard

Illustrated notes

Levels and vault maps discovered:
D:1:      dpeg_arrival_erosion, layout_basic, minivault_4
D:2:      layout_basic
D:3:      layout_basic, corexii_leaking_fountain
D:4:      layout_basic, amcnicky_mini_rare_corridor_liquid,
          chequers_serial_rivers_micro_b
D:5:      minmay_evil_eye, layout_basic, temple_hall, uniq_eustachio
D:6:      layout_cave_pools, grunt_qazlal_sundering, uniq_sigmund
D:7:      nzn_winding_woodlands_medium [nzn_winding_woodlands_5x5_open_star,
          nzn_winding_woodlands_5x15_zeroes, nzn_winding_woodlands_hourglass,
          nzn_winding_woodlands_5x5_cross, nzn_winding_woodlands_center_garden,
          nzn_winding_woodlands_5x5_three, nzn_winding_woodlands_5x5_default,
          nzn_winding_woodlands_5x15_jagged, nzn_winding_woodlands_5x5_default],
          layout_basic, uniq_duvessa, uniq_menkaure
D:8:      layout_gridville, ebering_ghost_reflecting_pool
D:9:      layout_long_grid, erik_orc_1, uniq_pikel
D:10:     layout_cave_pools, due_lair_maze_entry_diamond,
          eino_small_chamber_without_monster, solitary_fountain, uniq_harold
D:11:     layout_stronghold, enter_trove_3
D:12:     layout_loops_corners, portal_ice_cave_entry_imps, fedhas_altar_4
D:13:     minmay_tri_box, layout_basic, erik_vaults_2, uniq_erolcha,
          uniq_maurice
Temple:   kilobyte_greek_temple

Skill      XL: |  1  2  3  4  5  6  7  8  9 10 11 12 13 |
---------------+----------------------------------------+-----
Stealth        | 5 |  5.3
Fighting       | 4 5 6 8 9 11 13 | 13.5
Armour         | 1 2 4 5 7 9 11 12 14 | 14.3
Axes           | 3 4 5 7 9 11 12 13 14 15 | 15.3
Evocations     | 1 2 |  2.9
Dodging        | 3 4 |  4.3
Shields        | 1 4 6 8 |  8.8

Action                   |  1- 3 |  4- 6 |  7- 9 | 10-12 | 13-15 || total
-------------------------+-------+-------+-------+-------+-------++-------
Melee: Hand axe          |    41 |   190 |   307 |  1062 |       ||  1600
       Headbutt          |     3 |    35 |    52 |   278 |    11 ||   379
       Punch             |       |       |     4 |       |       ||     4
       Unarmed           |       |       |       |     1 |       ||     1
       Broad axe         |       |       |       |    38 |    70 ||   108
Throw: Throwing net      |       |       |       |     1 |       ||     1
Invok: Curse Item        |       |     4 |     2 |     4 |       ||    10
       Shatter the Chain |       |     1 |       |     2 |       ||     3
Evoke: Wand              |     7 |       |     6 |    25 |     2 ||    40
  Use: Scroll            |       |     2 |     1 |    19 |       ||    22
       Potion            |       |     1 |     5 |    13 |       ||    19
 Stab: Sleeping          |       |     1 |       |       |       ||     1
       Distracted        |       |       |       |     2 |       ||     2
Armor: Leather armour    |     9 |       |       |       |       ||     9
       Scale mail        |     7 |    27 |       |       |       ||    34
       Plate armour      |       |   105 |   163 |   487 |    20 ||   775
       Skin              |       |       |       |    36 |       ||    36
Dodge: Dodged            |    23 |    87 |    84 |   331 |     5 ||   530
Block: Buckler           |       |       |    13 |   383 |    20 ||   416
       Reflection        |       |       |       |    13 |       ||    13
